 Dungeon Crawl Stone Soup version 0.26.0-45-g9c1d065592 (webtiles) character file.

Game seed: 7677838274544287876

8463 kaeus the Martial Artist (level 11, 0/94 HPs)
             Began as a White Draconian Transmuter on Feb 1, 2021.
             Was a High Priest of Cheibriados.
             Slain by a gnoll sergeant
             ... wielding a +0 spear
              (10 damage)
             ... on level 10 of the Dungeon.
             The game lasted 00:17:15 (14418 turns).

kaeus the Martial Artist (DrTm)                    Turns: 14418, Time: 00:17:16

Health: 0/94       AC:  2    Str: 23    XL:     11   Next: 10%
Magic:  18/18      EV: 30    Int: 25    God:    Cheibriados [*****.]
Gold:   686        SH:  0    Dex: 37    Spells: 7/20 levels left

rFire    . . .     SeeInvis .     - Unarmed
rCold    . . .     Faith    .   (shield currently unavailable)
rNeg     . . .     Spirit   .   (armour unavailable)
rPois    x         Reflect  .   (helmet currently unavailable)
rElec    .         Harm     .   (cloak currently unavailable)
rCorr    .         Rampage  .   (gloves currently unavailable)
Will     .....                  (boots currently unavailable)
Stlth    +++.......             g - amulet of magic regeneration
HPRegen  0.25/turn              J - +6 ring of dexterity
MPRegen  0.41/turn              F - ring of wizardry

@: spider-form, very slow
A: tiny, (breathe frost), unfitting armour, AC +7
a: End Transformation, Renounce Religion, Bend Time, Temporal Distortion,
Slouch, Step From Time


You were on level 10 of the Dungeon.
You worshipped Cheibriados.
Cheibriados was extremely pleased with you.
You were a venomous arachnid creature.
You visited 2 branches of the dungeon, and saw 11 of its levels.

You collected 796 gold pieces.
You spent 110 gold pieces at shops.

Inventory:

Armour
 l - a +0 pair of boots (melded)
 y - a +0 hat (melded)
 A - a +0 pair of gloves (melded)
 B - a +0 buckler
 I - the +3 hat of Pondering {ponderous, Will+ MP+10 Int+5}
   (You took it off Gastronok on level 9 of the Dungeon)

   It affects your intelligence (+5).
   It affects your willpower, your defense against some magical effects.
   It affects your magic capacity (+10).
Jewellery
 c - an uncursed ring of see invisible
 g - an amulet of magic regeneration (around neck)
 D - an uncursed ring of protection from fire
 E - an uncursed ring of magical power
 F - a ring of wizardry (right front leg)
 J - a +6 ring of dexterity (left front leg)
Wands
 u - a wand of disintegration (7)
 x - a wand of enslavement (4)
Scrolls
 f - a scroll of amnesia {unknown}
 i - 3 scrolls of teleportation
 m - 2 scrolls of fear {unknown}
 p - 3 scrolls of enchant armour {unknown}
 r - 2 scrolls of magic mapping
 s - 2 scrolls of blinking
 v - 2 scrolls of remove curse
 w - a scroll of fog {unknown}
 H - 2 scrolls of immolation {unknown}
Potions
 a - 2 potions of ambrosia
 b - a potion of brilliance {unknown}
 d - 3 potions of lignification
 e - a potion of berserk rage {unknown}
 h - 2 potions of magic
 j - 7 potions of attraction
 k - a potion of curing
 n - a potion of mutation {unknown}
 o - 3 potions of heal wounds
 q - a potion of resistance {unknown}
 t - 2 potions of cancellation {unknown}
 z - 2 potions of might
 C - 2 potions of invisibility
 G - a potion of flight {unknown}


   Skills:
 + Level 7.9 Fighting
 + Level 6.5 Dodging
 + Level 10.4 Unarmed Combat
 + Level 5.2 Spellcasting
 + Level 7.6 Transmutations
 - Level 1.5 Ice Magic
 - Level 1.0 Poison Magic
 + Level 4.0 Invocations


You had 7 spell levels left.
You knew the following spells:

 Your Spells              Type           Power        Failure   Level
a - Spider Form           Tmut/Pois      14%          5%          3
b - Beastly Appendage     Tmut           88%          1%          1
c - Blade Hands           Tmut           22%          10%         5
d - Ice Form              Ice/Tmut       29%          12%         4

Your spell library contained the following spells:

 Spells                   Type           Power        Failure   Level
 Wereblood                Tmut           44%          1%          2
 Passwall                 Tmut/Erth      20%          4%          2
 Magic Dart               Conj           24%          9%          1
 Sandblast                Erth           12%          9%          1
 Blink                    Tloc           N/A          12%         2
 Call Imp                 Summ           6%           12%         2
 Slow                     Hex            6%           12%         2
 Petrify                  Tmut/Erth      25%          16%         4
 Mephitic Cloud           Conj/Pois/Air  8%           19%         3
 Conjure Flame            Conj/Fire      6%           21%         3
 Stone Arrow              Conj/Erth      12%          21%         3
 Lee's Rapid Deconstruct  Erth           3%           77%         5


Dungeon Overview and Level Annotations

Branches:
Dungeon (10/15)            Temple (1/1) D:4            Lair (0/6) D:8
    Orc: D:9-12

Altars:
Ashenzari
Cheibriados
Dithmenos
Elyvilon
Fedhas
Gozag
Hepliaklqana
Kikubaaqudgha
Makhleb
Nemelex Xobeh
Okawaru
Qazlal
Ru
Sif Muna
Trog
Uskayaw
Vehumet
Wu Jian
Xom
Yredelemnul
Zin
The Shining One

Shops:
D:4 (   D:5 ?   D:10 (


Innate Abilities, Weirdness & Mutations

((You can breathe waves of freezing cold.))
((You can buffet flying creatures when you breathe cold.))
((Your icy white scales are hard. (AC +7)))
You cannot fit into any form of body armour.
((Your flesh is cold resistant. (rC+)))
((You are cold-blooded and may be slowed by cold attacks.))


Message History

The gnoll sergeant completely misses you.
Items here: ) [[ †.
You take 23 damage, and have 30/94 hp.
MASSIVE DAMAGE!!
You hit the gnoll sergeant but do no damage.
The gnoll sergeant closely misses you.
A big kobold comes into view. It is wielding a +0 dagger.
The gnoll sergeant completely misses you.
You barely miss the gnoll sergeant.
The gnoll sergeant hits you from afar with a +2 vorpal spear.
* * * LOW HITPOINT WARNING * * *
x2 You take 7 damage, and have 24/94 hp.
You barely miss the gnoll sergeant. The gnoll sergeant misses you.
An ogre comes into view. It is wielding a +0 giant spiked club.
The gnoll sergeant hits you from afar with a +2 vorpal spear.
* * * LOW HITPOINT WARNING * * *
x2 You take 3 damage, and have 21/94 hp.
The gnoll sergeant hits you from afar with a +0 spear!
* * * LOW HITPOINT WARNING * * *
The gnoll sergeant hits you from afar with a +0 spear!
You die...

#.# #......# #.........#
###.#######......# #.........#
..#.#............### #...).....#
.s#.#........).....# #..........
###.#######......#.####.......#.#
#.# #))....#....+..........
###.### ##.###########.......#.#
......# #...##########.#####....
##########.#)##.s)gKT...# #......
....†......#))..###g#######<#####
#############.### .8 #..#


or... #..# .####'###### ..#####.###.## #.........# ... #....# #.#######.# J.
#....# #...#...#.' . #.#....#########.#.##..# #.[..........#.######.## You could
see a troll, a big kobold and 2 gnoll sergeants.

Vanquished Creatures
  Gastronok (D:9)
  A two-headed ogre (D:5)
  Prince Ribbit (D:6)
  The ghost of MrSixtyFour the Magician, a novice SpVM of Dithmenos (D:8)
  Grinder (D:4)
  Eustachio (D:5)
  Sigmund (D:4)
  6 yaks (D:10)
  Menkaure (D:4)
  Edmund (D:4)
  2 orc warriors
  2 black bears
  2 phantoms
  2 sky beasts
  A hornet zombie (D:8)
  4 centaurs
  3 ogres
  5 bullfrogs
  4 gnoll sergeants (D:10)
  4 scorpions
  5 killer bees (D:9)
  8 wights
  3 howler monkeys
  A centaur zombie (D:2)
  2 quasits
  A bullfrog zombie (D:8)
  13 hounds
  2 centaur skeletons
  4 orc priests
  2 jellies
  A bullfrog skeleton (D:3)
  3 iguanas
  3 worker ants
  8 orc wizards
  3 killer bee zombies
  2 hound zombies
  A hound skeleton (D:7)
  4 gnolls
  5 adders
  2 howler monkey skeletons
  3 shadow imps
  A white imp (D:4)
  3 ufetubi
  An ooze (D:1)
  An adder skeleton (D:10)
  An adder zombie (D:8)
  3 worms
  3 dart slugs
  8 leopard geckos
  36 orcs
  A ball python (D:2)
  3 giant cockroaches
  12 hobgoblins
  3 jackals (D:1)
  6 quokkas
  12 bats
  4 frilled lizards
  3 goblins
  8 kobolds
  A leopard gecko zombie (D:5)
  5 rats
  A spectral orc (D:2)
236 creatures vanquished.

Vanquished Creatures (others)
  6 plants (D:2)
6 creatures vanquished.

Grand Total: 242 creatures vanquished

Notes
Turn   | Place    | Note
-------+----------+-------------------------------------------
     0 | D:1      | kaeus the Draconian Transmuter began the quest for the Orb.
     0 | D:1      | Reached XP level 1. HP: 16/16 MP: 3/3
    61 | D:1      | Reached XP level 2. HP: 24/24 MP: 3/5
   496 | D:1      | Reached XP level 3. HP: 21/30 MP: 4/6
   616 | D:1      | Learned a level 3 spell: Spider Form
  1291 | D:2      | Reached skill level 1 in Poison Magic
  1775 | D:2      | Found a basalt altar of Yredelemnul.
  1883 | D:2      | Reached XP level 4. HP: 37/37 MP: 7/7
  1895 | D:2      | Found a blossoming altar of Fedhas.
  2709 | D:3      | Reached skill level 4 in Unarmed Combat
  2715 | D:3      | Reached XP level 5. HP: 36/42 MP: 8/8
  3135 | D:3      | Reached skill level 5 in Unarmed Combat
  3787 | D:4      | Noticed a phantom
  3841 | D:4      | Killed a phantom
  3842 | D:4      | Reached XP level 6. HP: 17/50 MP: 6/9
  3860 | D:4      | Reached skill level 6 in Unarmed Combat
  4694 | D:4      | Noticed Menkaure
  4702 | D:4      | Killed Menkaure
  4703 | D:4      | Your scales start taking on an icy white colour.
  4703 | D:4      | Reached XP level 7. HP: 25/56 MP: 6/10
  4703 | D:4      | Gained mutation: Your flesh is cold resistant. (rC+) [White
                  | Draconian growth]
  4894 | D:4      | Noticed Sigmund
  4907 | D:4      | Killed Sigmund
  4908 | D:4      | Reached skill level 7 in Unarmed Combat
  5060 | D:4      | Noticed Grinder
  5061 | D:4      | Paralysed by Grinder for 3 turns
  5069 | D:4      | Paralysed by Grinder for 5 turns
  5083 | D:4      | Killed Grinder
  5084 | D:4      | Reached skill level 8 in Unarmed Combat
  5419 | D:4      | Found a staircase to the Ecumenical Temple.
  5439 | D:4      | Noticed Edmund
  5454 | D:4      | Killed Edmund
  5455 | D:4      | Reached XP level 8. HP: 47/63 MP: 1/11
  5543 | D:4      | Found Reomapp's Antique Weapon Emporium.
  5723 | Temple   | Entered the Ecumenical Temple
  5831 | Temple   | Became a worshipper of Cheibriados the Contemplative
  5860 | D:5      | Entered Level 5 of the Dungeon
  5869 | D:5      | Found a broken altar of Ashenzari.
  6222 | D:5      | Found an ancient bone altar of Kikubaaqudgha.
  6577 | D:5      | Noticed Eustachio
  6592 | D:5      | Killed Eustachio
  6824 | D:5      | Found Etsy's Magic Scroll Emporium.
  6827 | D:5      | Bought a scroll of magic mapping for 35 gold pieces
  6827 | D:5      | Bought a scroll of blinking for 75 gold pieces
  6874 | D:5      | Noticed a two-headed ogre
  6887 | D:5      | Killed a two-headed ogre
  6887 | D:5      | Reached * piety under Cheibriados
  6888 | D:5      | Reached skill level 5 in Fighting
  6888 | D:5      | Reached skill level 9 in Unarmed Combat
  6888 | D:5      | Reached skill level 5 in Transmutations
  6888 | D:5      | Reached XP level 9. HP: 58/74 MP: 9/12
  7470 | D:5      | Noticed an angel
  7471 | D:5      | Found a glowing silver altar of Zin.
  7506 | D:5      | Learned a level 5 spell: Blade Hands
  7882 | D:6      | Noticed Prince Ribbit
  7889 | D:6      | Killed Prince Ribbit
  8398 | D:6      | Reached ** piety under Cheibriados
  8571 | D:6      | Reached skill level 5 in Dodging
  9247 | D:7      | Found a hide-covered altar of Uskayaw.
  9250 | D:7      | Noticed a +0 hand axe
  9250 | D:7      | Noticed a +0 hand axe
 10358 | D:7      | Learned a level 4 spell: Ice Form
 10552 | D:8      | Found a runed translucent door.
 10552 | D:8      | Noticed MrSixtyFour's ghost (novice SpVM)
 10677 | D:8      | Killed MrSixtyFour's ghost
 10678 | D:8      | Reached skill level 1 in Ice Magic
 10678 | D:8      | Reached XP level 10. HP: 84/84 MP: 9/15
 10679 | D:8      | Reached *** piety under Cheibriados
 10924 | D:8      | Reached skill level 1 in Invocations
 11221 | D:8      | Found a stormy altar of Qazlal.
 11244 | D:8      | Found a staircase to the Lair.
 12343 | D:9      | Found a burning altar of Makhleb.
 12388 | D:9      | Reached **** piety under Cheibriados
 12642 | D:9      | Noticed Gastronok
 12658 | D:9      | Killed Gastronok
 12659 | D:9      | Reached skill level 10 in Unarmed Combat
 13098 | D:10     | Entered Level 10 of the Dungeon
 13570 | D:10     | Found Oducs's Antique Weapon Emporium.
 13615 | D:10     | Reached skill level 5 in Spellcasting
 13623 | D:10     | Reached ***** piety under Cheibriados
 13650 | D:10     | Reached XP level 11. HP: 34/94 MP: 13/18
 14418 | D:10     | Slain by a gnoll sergeant

Illustrated notes

Levels and vault maps discovered:
D:1:      minmay_arrival_arboretum_small, layout_basic, hangedman_feature_mirror
D:2:      layout_rooms, lemuel_doored_altar,
          yredelemnul_forgotten_temple_becter, serial_forest,
          infiniplex_forest_corner_1, infiniplex_forest_lined_3,
          infiniplex_forest_lined_2, infiniplex_forest_clump_long,
          infiniplex_forest_lined_corner, infiniplex_forest_zigzag_1,
          infiniplex_forest_lined_1, infiniplex_forest_zigzag_1
D:3:      layout_rooms
D:4:      layout_basic, minmay_temple_entry_glassed_door, serial_shops,
          shop_statue, grunt_ministairs_3, uniq_sigmund, uniq_grinder,
          uniq_menkaure, uniq_edmund
D:5:      layout_loops_corners, overflow_temple_1_default, zin_angel,
          evilmike_ruin_ashenzari, serial_shops, kennysheep_mini_moat,
          uniq_eustachio
D:6:      layout_loops_corners, uniq_prince_ribbit1
D:7:      layout_layer_cave, dancing_weapons_uskayaw
D:8:      layout_basic, nicolae_qazlal_eye_of_the_storm, lair_entry_dummy,
          hellmonk_ghost_happy_afterlife
D:9:      layout_long_grid, bloody_makhleb, uniq_gastronok
D:10:     layout_roguey, kennysheep_orc_monster_closet_entryway,
          serial_co_window_serial, co_window_paths_a, co_window_corner_a,
          co_window_paths_a, co_window_corner_a, co_window_corner_a,
          co_window_broadway_b, co_window_paths_c, co_window_broadway_b,
          co_window_cross_3, co_window_broadway_a, co_window_unsneaky_path_a,
          co_window_4corner_a, glass_columns_a, glass_columns_a,
          glass_columns_a, glass_columns_b, glass_columns_a, serial_shops,
          shop_coins
Temple:   regret_index_temple_waves

Skill      XL: |  1  2  3  4  5  6  7  8  9 10 11 |
---------------+----------------------------------+-----
Fighting       | 2 3 5 6 7 |  7.9
Poison Magic   | 1 |  1.0
Transmutations | 3 5 6 7 |  7.6
Unarmed Combat | 4 5 6 8 9 10 | 10.4
Dodging        | 2 4 5 6 |  6.5
Spellcasting   | 3 5 |  5.2
Ice Magic      | 1 |  1.5
Invocations    | 3 4 |  4.0

Action                   |  1- 3 |  4- 6 |  7- 9 | 10-12 || total
-------------------------+-------+-------+-------+-------++-------
Melee: Unarmed           |   180 |   159 |   284 |   240 ||   863
       Kick              |    27 |    15 |       |       ||    42
       Headbutt          |    14 |    10 |       |       ||    24
       Tailslap          |    11 |    13 |    16 |    20 ||    60
       Punch             |     3 |       |     1 |     3 ||     7
 Cast: Beastly Appendage |    27 |    15 |       |       ||    42
       Spider Form       |       |     9 |    36 |    17 ||    62
       Blade Hands       |       |       |       |     1 ||     1
       Ice Form          |       |       |       |     1 ||     1
 Abil: Breathe Frost     |       |       |     1 |       ||     1
  Use: Scroll            |       |     2 |       |     7 ||     9
       Potion            |       |       |       |     3 ||     3
 Stab: Sleeping          |       |       |     2 |     4 ||     6
       Distracted        |       |       |     1 |     2 ||     3
Armor: Skin              |    69 |    30 |    32 |    37 ||   168
Dodge: Dodged            |   158 |   125 |   280 |   277 ||   840
